 Dungeon Crawl Stone Soup version 0.26.0-5-gb5863c6483 (webtiles) character file.

Game seed: 11628125173540156301

18 Kejsarherre the Magician (level 2, -2/22 HPs)
             Began as a Formicid Wanderer on Jan 10, 2021.
             Slain by a gnoll
             ... wielding a +1 halberd of protection
              (3 damage)
             ... on level 2 of the Dungeon.
             The game lasted 00:04:03 (984 turns).

Kejsarherre the Magician (Formicid Wanderer)         Turns: 984, Time: 00:04:03

Health: -2/22      AC: 11    Str: 17    XL:     2   Next: 90%
Magic:  7/7        EV:  4    Int: 11    God:
Gold:   105        SH:  0    Dex:  9    Spells: 8/9 levels left

rFire    . . .     SeeInvis +   a - +0 club
rCold    . . .     Faith    .   (no shield)
rNeg     . . .     Spirit   .   g - +1 plate armour
rPois    .         Reflect  .   (helmet unavailable)
rElec    .         Harm     .   (no cloak)
rCorr    .         Rampage  .   (no gloves)
Will     .....                  (no boots)
Stlth    ..........             e - amulet of magic regeneration
HPRegen  0.07/turn              (no ring)
MPRegen  0.35/turn              (no ring)

@: brilliant, lethally poisoned (-2 -> -5)
A: permanent stasis, dig shafts and tunnels, four strong arms, antennae 3, claws
1
a: Dig, Shaft Self


You were on level 2 of the Dungeon.
You visited 1 branch of the dungeon, and saw 2 of its levels.

You collected 105 gold pieces.

Inventory:

Hand Weapons
 a - a +0 club (weapon)
Armour
 g - a +1 plate armour (worn)
Jewellery
 e - an amulet of magic regeneration (around neck)
Scrolls
 f - a scroll of remove curse


   Skills:
 + Level 1.7 Fighting
 - Level 1.3 Maces & Flails
 - Level 1.2 Shields
 - Level 4.3 Spellcasting
 - Level 1.0 Conjurations
 - Level 3.0 Ice Magic
 - Level 1.1 Evocations


You had 8 spell levels left.
You knew the following spells:

 Your Spells              Type           Power        Failure   Level
a - Magic Dart            Conj           24%          100%        1

Your spell library contained the following spells:

 Spells                   Type           Power        Failure   Level
 Call Imp                 Summ           3%           100%        2
 Slow                     Hex            3%           100%        2
 Conjure Flame            Conj/Fire      5%           100%        3
 Dazzling Flash           Conj/Hex       10%          100%        3
 Mephitic Cloud           Conj/Pois/Air  4%           100%        3
 Blink                    Tloc           Unusable     N/A         2

Dungeon Overview and Level Annotations

Branches:
Dungeon (2/15)

Altars:


Innate Abilities, Weirdness & Mutations

You cannot be hasted, slowed, berserked, paralysed or teleported.
You can dig through walls and to a lower floor.
Your four strong arms can wield two-handed weapons with a shield.
You have a pair of large antennae on your head. (SInv)
You have sharp fingernails.


Message History

The gnoll hits you from afar with a +1 halberd of protection!
Ouch! That really hurt!
It was a potion of brilliance.
You feel clever all of a sudden. The adder barely misses you.
The gnoll hits you from afar with a +1 halberd of protection.
* * * LOW HITPOINT WARNING * * *
* * * LOW HITPOINT WARNING * * *
You feel sick. The adder bites you but does no damage.
As you read the scroll labelled CEOGRO QESAGE, it crumbles to dust.
The creatures around you are filled with an inner flame!
It was a scroll of immolation.
The adder bites you but does no damage.
You aren't carrying any potions.
As you read the scroll labelled JUSOAR PAOH, it crumbles to dust.
It is a scroll of identify.
You don't have any unidentified items.
* * * LOW HITPOINT WARNING * * *
You feel sick. The adder barely misses you.
The gnoll hits you from afar with a +1 halberd of protection.
You die...

### #.( #.# #.#
#### #[# ..# .
#.#
######.###.... ##
#.#
#.@Sgg........
.####.######
#.####...#....
...........## #.#
###.# .
.######.#...###.#
... .#
#.........# ###
.#
#.....########.
.#
#..#...........
.#
#..############
.. .# #... ..#
...


You could see 2 gnolls and an adder (inner flame).

Vanquished Creatures
  A giant cockroach (D:1)
  3 goblins
  A hobgoblin (D:1)
  4 jackals (D:1)
  3 kobolds (D:1)
  3 bats (D:1)
  2 rats (D:1)
17 creatures vanquished.

Notes
Turn   | Place    | Note
-------+----------+-------------------------------------------
     0 | D:1      | Kejsarherre the Formicid Wanderer began the quest for the
                  | Orb.
     0 | D:1      | Kejsarherre set off with the following items: a +0 club, a
                  | potion of lignification, a +0 robe; and the following spell
                  | memorised: Magic Dart; and the following spells available
                  | to memorise: Call Imp, Slow, Conjure Flame, Dazzling Flash,
                  | Mephitic Cloud
     0 | D:1      | Reached XP level 1. HP: 13/13 MP: 5/5
   333 | D:1      | You fall into a shaft and drop 1 floor!
   373 | D:1      | Reached skill level 1 in Fighting
   491 | D:1      | Gained mutation: You are weak. (Str -2) [potion of
                  | mutation]
   491 | D:1      | Gained mutation: You have sharp fingernails. [potion of
                  | mutation]
   491 | D:1      | Lost mutation: You are weak. (Str -2) [potion of mutation]
   500 | D:1      | Reached XP level 2. HP: 21/21 MP: 7/7
   504 | D:1      | Reached skill level 1 in Maces & Flails
   984 | D:2      | HP: 1/22 [poisoned by an adder]
   984 | D:2      | Slain by a gnoll

Illustrated notes

Levels and vault maps discovered:
D:1:      nagdon_arrival_zigzag_paths, layout_rooms
D:2:      minmay_evil_eye, layout_loops_ring, grunt_temple_overflow_open

Skill      XL: |  1  2 |
---------------+-------+-----
Fighting       | 1 |  1.7
Maces & Flails | 1 |  1.3
Shields        | |  1.2
Spellcasting   | |  4.3
Conjurations   | |  1.0
Ice Magic      | |  3.0
Evocations     | |  1.1

Action                   || total
-------------------------++-------
Melee: Club              ||    76
 Cast: Magic Dart        ||     3
  Use: Potion            ||     5
       Scroll            ||     5
Armor: Skin              ||    18
       Robe              ||    20
       Plate armour      ||    12
Dodge: Dodged            ||    59
